 Dungeon Crawl Stone Soup version 0.27.1-4-g1640c2035a (webtiles) character file.

Game seed: 9199034259386221792

10554 Stomo444 the Fighter (level 11, -4/101 HPs)
             Began as a Purple Draconian Monk on Nov 10, 2021.
             Was a High Priest of Kikubaaqudgha.
             Slain by an orc warrior (32 damage)
             ... in a bailey on Nov 11, 2021.
             The game lasted 00:39:18 (11072 turns).

Stomo444 the Fighter (Purple Draconian Monk)       Turns: 11072, Time: 00:39:19

Health: -4/101     AC: 11    Str: 17    XL:     11   Next: 37%
Magic:  13/22      EV: 19    Int: 14    God:    Kikubaaqudgha [*****.]
Gold:   672        SH:  0    Dex: 14    Spells: 17/25 levels left

rFire    . . .     SeeInvis .   u - +7 whip (freeze)
rCold    . . .     Faith    .   (no shield)
rNeg     . . .     Spirit   .   (armour unavailable)
rPois    .         Reflect  .   x - +2 hat
rElec    .         Harm     .   h - +1 cloak
rCorr    .         Rampage  .   (no gloves)
Will     ++...                  (no boots)
Stlth    ++........             d - amulet of regeneration
HPRegen  1.26/turn              m - ring of Insomnia {Will+ Int+4 Slay+3}
MPRegen  0.18/turn              f - +4 ring of evasion

@: attractive, very slightly contaminated, hasted, studying Long Blades,
invisible, very quick
A: breathe power, AC +7, unfitting armour, cold-blooded
a: Breathe Dispelling Energy, Renounce Religion, Receive Corpses, Torment


You were in a bailey.
You worshipped Kikubaaqudgha.
Kikubaaqudgha was extremely pleased with you.
You visited 2 branches of the dungeon, and saw 11 of its levels.
You also visited: Ossuary and Bailey.

You collected 672 gold pieces.

Inventory:

Hand Weapons
 a - a +1 mace
 u - a +7 whip of freezing (weapon)
 z - a +0 dire flail
Armour
 h - a +1 cloak (worn)
 x - a +2 hat (worn)
Jewellery
 b - a ring of resist corrosion
 d - an amulet of regeneration (around neck)
 f - a +4 ring of evasion (right hand)
 m - the ring of Insomnia (left hand) {Will+ Int+4 Slay+3}
   (You acquired it on level 10 of the Dungeon)

   [ring of willpower]

   Int:       It affects your intelligence (+4).
   Slay:      It affects your accuracy & damage with ranged weapons and melee
   (+3).
   Will:      It increases your willpower.
 y - a ring of protection from fire
Wands
 i - a wand of flame (33)
 l - a wand of acid (8)
 t - a wand of iceblast (6)
 B - a wand of paralysis (8)
Scrolls
 c - 3 scrolls of blinking
 e - 3 scrolls of identify
 g - 4 scrolls of teleportation
 j - 3 scrolls of fear
 q - 2 scrolls of amnesia
 G - a scroll of acquirement
Potions
 k - a potion of lignification
 n - 2 potions of invisibility
 o - a potion of resistance
 p - 3 potions of mutation
 r - a potion of flight
 s - 2 potions of brilliance {unknown}
 v - 7 potions of curing
 A - 3 potions of heal wounds
 C - a potion of haste
 D - a potion of degeneration {unknown}
 E - 2 potions of might {unknown}
 F - a potion of cancellation {unknown}
 H - a potion of magic {unknown}


   Skills:
 - Level 10.3 Fighting
 - Level 9.6 Maces & Flails
 - Level 8.1 Dodging
 - Level 1.7 Stealth
 - Level 7.5 Spellcasting
 - Level 7.5 Hexes
 + Level 0.0 Necromancy


You had 17 spell levels left.
You knew the following spells:

 Your Spells              Type           Power      Damage    Failure   Level
a - Slow                  Hex            26%        N/A       1%          2
b - Confusing Touch       Hex            26%        N/A       1%          3
c - Tukima's Dance        Hex            26%        N/A       1%          3

Your spell library contained the following spells:

 Spells                   Type           Power      Damage    Failure   Level
 Corona                   Hex            28%        N/A       1%          1
 Ensorcelled Hibernation  Hex/Ice        30%        N/A       4%          2
 Pain                     Necr           20%        1d5       14%         1
 Corpse Rot               Necr/Air       N/A        N/A       21%         2
 Static Discharge         Conj/Air       5%         N/A       21%         2
 Sublimation of Blood     Necr           2%         N/A       21%         2
 Conjure Flame            Conj/Fire      5%         6-21      38%         3
 Ignite Poison            Fire/Tmut/Pois 5%         N/A       38%         3
 Vampiric Draining        Necr           2%         2d6       38%         3
 Yara's Violent Unravell  Hex/Tmut       7%         3d5       61%         5
 Animate Dead             Necr           2%         N/A       80%         4
 Dispel Undead            Necr           5%         3d7       80%         4
 Passage of Golubria      Tloc           N/A        N/A       80%         4
 Sticky Flame             Conj/Fire      5%         2d3       80%         4
 Borgnjor's Vile Clutch   Necr/Erth      2%         N/A       98%         5
 Death Channel            Necr           2%         N/A       100%        6
 Simulacrum               Ice/Necr       2%         N/A       100%        6
 Haunt                    Necr/Summ      2%         N/A       100%        7
 Infestation              Necr           2%         N/A       100%        8


Dungeon Overview and Level Annotations

Branches:
Dungeon (10/15)            Temple (1/1) D:5            Lair (0/6) D:8
Ossuary (visited)          Bailey (1/1)
    Orc: D:9-12

Altars:
Ashenzari
Cheibriados
Dithmenos
Elyvilon
Fedhas
Gozag
Hepliaklqana
Kikubaaqudgha
Makhleb
Nemelex Xobeh
Okawaru
Qazlal
Ru
Sif Muna
Trog
Uskayaw
Vehumet
Wu Jian
Xom
Yredelemnul
Zin
The Shining One

Shops:
D:3 *


Innate Abilities, Weirdness & Mutations

You can breathe bolts of dispelling energy.
Your rich purple scales are hard. (AC +7)
You cannot fit into any form of body armour.
You are cold-blooded and may be slowed by cold attacks.


Message History

The orc knight closely misses you.
You closely miss the orc knight.
The orc knight is moderately wounded.
The orc knight hits you with a +0 trident!
The orc warrior misses you.
You strike the helpless orc knight from behind!
You hit the orc knight but do no damage.
The orc knight is moderately wounded.
The orc knight hits you with a +0 glaive!!
* * * LOW HITPOINT WARNING * * *
Unknown command.
It was a potion of attraction.
You feel attractive to monsters.
You have got your breath back.
The orc warrior seems less confused.
The orc warrior completely misses you. The orc hits you but does no damage.
The orc closely misses you. The orc knight completely misses you.
It was a potion of haste.
You feel yourself speed up. The orc knight closely misses you.
The orc warrior misses you.
The orc knight roars a battlecry!
The orcs go into a battle-frenzy!
The orc completely misses you. x2
Okay, then.
Casting: Confusing Touch (safe; 1% risk of failure)
Confirm with . or Enter, or press ? or * to list all spells.
Your hands begin to glow red.
The orc knight misses you.
The orc warrior hits you but does no damage.
You hit the orc knight but do no damage.
The orc knight appears confused.
The orc knight is moderately wounded.
The orc completely misses you.
The orc knight hits you with a +0 trident.
* * * LOW HITPOINT WARNING * * *
The orc knight is pulled toward you!
You closely miss the orc knight.
The orc knight is moderately wounded.
The orc misses you.
The orc warrior hits you with a +0 halberd!!
You die...
Kikubaaqudgha rasps: "You have failed me!
Welcome... death!"

#.).#
#.))#
#.).#
###)###
##..)..##
#...)...#
#...o...#
#ooo....#
#.@o....#
#..)....#
#..)))..#
#.)))...#
#.).....#
#∩.....∩#
#.......#
##..∩..##
#######


You could see 2 orc knights, an orc warrior (strong) and 2 orcs.

Vanquished Creatures
  2 two-headed ogres (D:8)
  Pikel (D:7)
  A cyclops (D:6)
  Maggie (D:6)
  2 komodo dragons
  2 trolls
  A wyvern (D:9)
  6 yaks
  Eustachio (D:4)
  Duvessa (D:6)
  4 water moccasins
  7 orc warriors
  A sky beast (D:6)
  3 black bears
  5 centaurs
  2 phantoms
  5 elf zombies (Ossuary)
  2 kobold brigands
  4 bullfrogs
  Blork the orc (D:6)
  A wyvern zombie (D:5)
  2 scorpions
  A water moccasin zombie (D:5)
  A water moccasin skeleton (D:3)
  5 killer bees (D:8)
  Dowan (D:6)
  8 wights
  4 howler monkeys (D:9)
  8 centaur zombies
  A human zombie (Ossuary)
  A bullfrog zombie (D:6)
  A centaur skeleton (D:7)
  6 orc priests
  A bullfrog skeleton (D:7)
  6 hounds
  Natasha (D:2)
  5 iguanas
  10 orc wizards
  2 killer bee zombies (D:8)
  A hound skeleton (D:4)
  3 mummies (Ossuary)
  A howler monkey skeleton (D:7)
  2 howler monkey zombies
  4 gnolls (D:7)
  10 adders
  2 white imps (D:6)
  2 ufetubi
  A worm (D:2)
  6 dart slugs
  55 orcs
  5 bats
  9 endoplasms
  4 giant cockroaches
  15 goblins
  7 hobgoblins
  11 jackals
  15 kobolds
  4 quokkas
  6 ball pythons
  3 frilled lizards
  6 rats
289 creatures vanquished.

Vanquished Creatures (others)
  32 fungi
  21 plants
53 creatures vanquished.

Grand Total: 342 creatures vanquished

Notes
Turn   | Place    | Note
-------+----------+-------------------------------------------
     0 | D:1      | Stomo444 the Draconian Monk began the quest for the Orb.
     0 | D:1      | Reached XP level 1. HP: 19/19 MP: 1/1
   115 | D:1      | You fall into a shaft and drop 1 floor!
   215 | D:1      | Reached XP level 2. HP: 19/26 MP: 2/2
  1072 | D:1      | Reached XP level 3. HP: 28/33 MP: 3/3
  1705 | D:2      | Reached skill level 4 in Fighting
  2079 | D:2      | Reached XP level 4. HP: 30/40 MP: 4/4
  2225 | D:2      | Found a faded altar of an unknown god.
  2246 | D:2      | Noticed Natasha
  2251 | D:2      | Killed Natasha
  2744 | D:3      | Found Zin's Purification Station.
  2744 | D:3      | Found a glowing silver altar of Zin.
  2772 | D:3      | Reached XP level 5. HP: 47/47 MP: 5/5
  2773 | D:3      | Found a bloodstained altar of Trog.
  2996 | D:3      | Found a shimmering blue altar of Sif Muna.
  3007 | D:3      | Reached skill level 5 in Fighting
  3049 | D:3      | Reached XP level 6. HP: 50/56 MP: 6/6
  3583 | D:4      | Found a sand-covered staircase.
  3587 | Ossuary  | Entered an ossuary
  3635 | Ossuary  | Reached skill level 5 in Maces & Flails
  3658 | Ossuary  | Your scales start taking on a rich purple colour.
  3658 | Ossuary  | Reached XP level 7. HP: 58/62 MP: 7/7
  3738 | Ossuary  | Reached skill level 6 in Fighting
  3738 | Ossuary  | Reached skill level 5 in Dodging
  3878 | D:4      | Noticed Eustachio
  3885 | D:4      | Reached XP level 8. HP: 67/71 MP: 8/8
  3939 | D:4      | Killed Eustachio
  4106 | D:4      | Reached skill level 7 in Fighting
  4571 | D:5      | Entered Level 5 of the Dungeon
  4815 | D:5      | Learned a level 2 spell: Slow
  4890 | D:5      | Reached skill level 1 in Spellcasting
  4890 | D:5      | Reached skill level 1 in Hexes
  5265 | D:5      | Found a staircase to the Ecumenical Temple.
  5286 | Temple   | Entered the Ecumenical Temple
  5471 | Temple   | Became a worshipper of Kikubaaqudgha
  5471 | Temple   | Reached * piety under Kikubaaqudgha
  5471 | Temple   | Received a gift from Kikubaaqudgha
  5471 | Temple   | Reached ** piety under Kikubaaqudgha
  5736 | D:6      | Noticed Maggie
  5923 | D:6      | Found a burning altar of Makhleb.
  6002 | D:6      | Noticed Blork the orc
  6031 | D:6      | Killed Blork the orc
  6256 | D:6      | Killed Maggie
  6257 | D:6      | Reached skill level 5 in Spellcasting
  6257 | D:6      | Reached skill level 5 in Hexes
  6257 | D:6      | Reached XP level 9. HP: 34/79 MP: 14/16
  6372 | D:6      | Noticed Dowan
  6373 | D:6      | Noticed a cyclops
  6401 | D:6      | Killed Dowan
  6403 | D:6      | Noticed Duvessa
  6416 | D:6      | Killed a cyclops
  6450 | D:6      | Killed Duvessa
  6608 | D:6      | Found a white marble altar of Elyvilon.
  6882 | D:6      | Noticed a troll
  6919 | D:6      | Killed a troll
  6986 | D:6      | Learned a level 3 spell: Confusing Touch
  6990 | D:6      | Learned a level 3 spell: Tukima's Dance
  7420 | D:7      | Found a stormy altar of Qazlal.
  7479 | D:7      | Found a shadowy altar of Dithmenos.
  7485 | D:7      | Found a basalt altar of Yredelemnul.
  7521 | D:7      | Found a sparkling altar of Nemelex Xobeh.
  7725 | D:7      | Found a glowing golden altar of the Shining One.
  7872 | D:7      | Reached XP level 10. HP: 83/86 MP: 15/21
  7921 | D:7      | Noticed Pikel
  7951 | D:7      | Killed Pikel
  8188 | D:7      | Found an opulent altar of Gozag.
  8367 | D:8      | Found a staircase to the Lair.
  8394 | D:8      | Reached skill level 8 in Fighting
  8826 | D:8      | Reached *** piety under Kikubaaqudgha
  8826 | D:8      | Received a gift from Kikubaaqudgha
  9276 | D:8      | Found a glowing golden altar of the Shining One.
  9276 | D:8      | Noticed a two-headed ogre
  9293 | D:8      | Killed a two-headed ogre
  9294 | D:8      | Reached skill level 9 in Fighting
  9381 | D:8      | Noticed a two-headed ogre
  9394 | D:8      | Killed a two-headed ogre
  9395 | D:8      | Reached XP level 11. HP: 97/97 MP: 17/22
  9530 | D:9      | Found a hide-covered altar of Uskayaw.
  9597 | D:9      | Found a sacrificial altar of Ru.
  9955 | D:9      | Reached **** piety under Kikubaaqudgha
 10247 | D:10     | Entered Level 10 of the Dungeon
 10439 | D:10     | Identified a scroll of acquirement
 10439 | D:10     | Acquired the ring of Insomnia {Will+ Int+4 Slay+3}
 10640 | D:10     | Found a flagged portal.
 10656 | D:10     | Reached skill level 10 in Fighting
 10690 | Bailey   | Entered a bailey
 10913 | Bailey   | Reached ***** piety under Kikubaaqudgha
 11012 | Bailey   | Noticed an orc knight
 11013 | Bailey   | Noticed an orc knight
 11072 | Bailey   | Slain by an orc warrior

Illustrated notes

Levels and vault maps discovered:
D:1:      saegor_arrival_simple_d, layout_basic, hangedman_abyss_or_decor_stabs
D:2:      kennysheep_six_static_rooms, layout_rooms,
          shapermc_ecumenical_altar_acropolis, kennysheep_generic_room_9,
          uniq_natasha
D:3:      layout_loops_ring, mainiacjoe_overflow_boulevard,
          mainiacjoe_overflow_small_starburst, zin_purify
D:4:      layout_loops_cross, enter_ossuary_5, uniq_eustachio
D:5:      layout_loops_corners, minmay_temple_entry_crystal_x,
          kennysheep_pointless_box, hangedman_abyss_or_decor_passed
D:6:      layout_loops_ring, mainiacjoe_overflow_catwalk,
          mainiacjoe_overflow_alcove_1, abandoned_shop, grunt_ministairs_5,
          uniq_blork_the_orc, uniq_maggie, uniq_duvessa
D:7:      layout_cave_pools, general_overflow_altar, kennysheep_little_box,
          minmay_overflow_temple_star_quad, minivault_25, minmay_crystal_room,
          st_stairs_5, palyth_stone_intersect, kennysheep_small_circle,
          uniq_pikel
D:8:      layout_cave_pools, tso_altar, due_lair_maze_entry_diamond,
          kennysheep_generic_room_15
D:9:      layout_basic, mainiacjoe_overflow_brackets, amcnicky_altar_gilded
D:10:     layout_basic, enter_bailey_5, hangedman_decor_lopped
Temple:   nicolae_temple_figure_zero
Bailey:   bailey_polearm_5, bailey

Skill      XL: |  1  2  3  4  5  6  7  8  9 10 11 |
---------------+----------------------------------+-----
Dodging        | 3 4 5 6 7 8 |  8.1
Fighting       | 4 5 6 7 9 10 | 10.3
Maces & Flails | 4 5 6 8 9 |  9.6
Spellcasting   | 5 7 |  7.5
Hexes          | 5 7 |  7.5
Stealth        | |  1.7

Action                   |  1- 3 |  4- 6 |  7- 9 | 10-12 || total
-------------------------+-------+-------+-------+-------++-------
Melee: Mace              |   140 |   212 |   570 |    23 ||   945
       Tailslap          |    22 |    35 |    88 |    77 ||   222
       Whip              |       |       |       |   460 ||   460
 Cast: Slow              |       |       |    39 |    34 ||    73
       Confusing Touch   |       |       |    22 |    44 ||    66
       Tukima's Dance    |       |       |       |     1 ||     1
 Abil: Breathe Dispellin |       |       |    26 |    14 ||    40
  Use: Scroll            |       |     6 |    10 |    10 ||    26
       Potion            |       |       |     4 |     3 ||     7
 Stab: Sleeping          |     3 |     7 |     2 |       ||    12
       Distracted        |       |     1 |       |     1 ||     2
       Confused          |       |       |    19 |    27 ||    46
       Invisible         |       |       |       |     1 ||     1
Armor: Skin              |    47 |    66 |   190 |   134 ||   437
Dodge: Dodged            |   108 |   142 |   536 |   579 ||  1365
